Phantoms vs Barracuda

Created - January 22, 2025 at 19:13

Goals
1 2 3 T
Phantoms 3 0 1 4
Barracuda 1 0 1 2
Shots
1 2 3 T
Phantoms 13 12 9 34
Barracuda 8 14 13 35

1st period

1. Phantoms , Oliver Wahlstrom 3 (Blake Heinrich 19, Brett Murray 4) at 1:39
2. Barracuda , Kurtis Macdermid 27 (Brett Kulak 16, Emil Pettersson 36) at 5:33
3. Phantoms , Rem Pitlick 10 (J.T. Brown 9, Cristoval Nieves 17) at 10:31
4. Phantoms , Rem Pitlick 11 (Cristoval Nieves 18, J.T. Brown 10) at 19:55 (PP)

Penalties :
A.J. Greer (Leh) for Slashing (Minor) at 12:53, Brett Kulak (S.J) for Holding (Minor) at 18:53

2nd period

No Goal

Penalties :
Oliver Wahlstrom (Leh) for Cross-checking (Minor) at 7:09, J.T. Brown (Leh) for Hooking (Minor) at 11:31

3rd period

5. Barracuda , Kurtis Macdermid 28 (Thomas Gobeil 11) at 3:17
6. Phantoms , Morgan Klimchuk 4 (Joe Snively 35, Lucas Wallmarkk 34) at 13:13

Penalties :
Blake Heinrich (Leh) for Holding (Minor) at 17:36

Goalie Stats

Zachary Fucale (Leh), 33 saves from 35 shots - (0.943), W, 14-12-3, 60:00 minutes
Joni Ortio (S.J), 30 saves from 34 shots - (0.882), L, 16-13-2, 60:00 minutes

Players Stats for Phantoms

Player Name              G  A  P  +/- PIM S  H  SB GA TA FO     MP     PP MP  PK MP  
------------------------------------------------------------------------------------
A.J. Greer               0  0  0  -1  2   2  1  1  0  0  1/1    12:17   0:00   0:50 
Andrey Pedan             0  0  0   2  0   0  1  2  1  0  0/0    21:45   0:00   3:13 
Blake Heinrich           0  1  1   0  2   4  1  2  1  1  0/0    25:45   1:02   3:46 
Brett Murray             0  1  1   1  0   0  0  0  0  0  0/0     8:18   0:00   0:00 
Cristoval Nieves         0  2  2   0  0   4  3  1  1  0  13/18  18:16   0:41   2:13 
David Kampf              0  0  0  -1  0   1  0  1  0  0  2/5    10:59   0:00   0:00 
J.T. Brown               0  2  2   0  2   2  3  2  1  0  0/0    18:15   0:41   1:43 
Joe Snively              0  1  1   1  0   3  0  0  4  0  0/0    16:48   0:21   0:32 
Laurent Dauphin          0  0  0   1  0   1  1  0  0  0  4/6     8:18   0:00   0:00 
Lucas Wallmarkk          0  1  1   1  0   4  1  2  0  0  11/34  20:34   0:21   4:24 
Matt Kiersted            0  0  0  -1  0   1  2  0  1  0  0/0    15:35   0:00   3:08 
Mikko Lehtonen           0  0  0   0  0   1  2  0  0  0  0/0    23:33   1:02   1:07 
Morgan Klimchuk          1  0  1   1  0   3  0  1  0  1  3/4    20:34   0:21   4:24 
Nick Sorensen            0  0  0  -1  0   1  3  0  0  0  0/0    11:32   0:00   0:00 
Oliver Wahlstrom         1  0  1   1  2   2  0  0  0  1  0/0     8:27   0:00   0:00 
Rem Pitlick              2  0  2   0  0   4  1  1  2  0  0/0    17:37   0:41   1:46 
Riley Stillman           0  0  0  -1  0   1  1  1  0  0  0/0    11:19   0:00   0:00 
Rinat Valiev             0  0  0   2  0   0  0  2  0  2  0/0    22:08   0:00   4:38 

Players Stats for Barracuda

Player Name              G  A  P  +/- PIM S  H  SB GA TA FO     MP     PP MP  PK MP  
------------------------------------------------------------------------------------
Alex Henriksson          0  0  0  -1  0   2  3  0  0  1  0/0     9:55   0:17   0:13 
Alex Lintuniemi          0  0  0   0  0   1  0  2  0  1  0/0    12:52   0:17   0:29 
Alexei Toropchenko       0  0  0  -1  0   0  2  0  0  0  0/2     9:25   0:17   0:00 
Brett Kulak              0  1  1   0  2   1  0  2  0  1  0/0    25:53   4:19   0:00 
Cole Ully                0  0  0   0  0   5  0  0  2  0  0/0    10:24   0:17   0:00 
Dennis Cholowski         0  0  0   0  0   1  0  2  0  0  0/0    12:23   0:17   0:00 
Emil Pettersson          0  1  1   2  0   3  1  1  1  2  22/34  21:50   3:59   0:39 
Jacob Peterson           0  0  0  -1  0   2  0  0  0  1  4/7     9:08   0:00   0:00 
Jaedon Descheneau        0  0  0  -2  0   0  0  0  0  1  1/4    18:15   3:40   0:00 
Kurtis Macdermid         2  0  2   2  0   5  3  1  1  1  0/2    21:50   3:59   0:39 
Kyle Platzer             0  0  0   0  0   5  1  0  0  0  4/5    10:24   0:00   0:00 
Luke Martin              0  0  0  -1  0   1  0  2  0  0  0/0    21:14   3:20   0:33 
Mac Hollowell            0  0  0  -1  0   0  2  1  0  0  0/0    20:41   3:20   0:00 
Nikolai Kovalenko        0  0  0   0  0   0  0  0  0  0  0/0    10:07   0:00   0:00 
Robin Norell             0  0  0   0  0   1  1  0  0  0  0/0    26:56   4:19   1:02 
Theodor Blueger          0  0  0  -2  0   3  3  2  1  0  3/13   18:21   3:40   0:23 
Thomas Gobeil            0  1  1   2  0   2  1  0  0  2  0/1    21:11   3:59   0:00 
William Carrier          0  0  0  -2  0   3  3  1  0  1  0/0    18:08   3:40   0:10 

3 Stars

1 - Kurtis Macdermid (S.J)
2 - Rem Pitlick (Leh)
3 - Zachary Fucale (Leh)

Power Play

Phantoms - 1 on 1 Attempt(s) - 100.00%
Barracuda - 0 on 4 Attempt(s) - 0.00%

Penalty Kill

Phantoms - 4 on 4 Attempt(s) - 100.00% - Score 0 goal in Penalty Kill
Barracuda - 0 on 1 Attempt(s) - 0.00% - Score 0 goal in Penalty Kill

Team Stat

Phantoms - Hits : 20 - Faceoff Wins : 34 - Blocked Shots : 16 - Penalty Minutes : 8
Barracuda - Hits : 20 - Faceoff Wins : 34 - Blocked Shots : 14 - Penalty Minutes : 2

Official

Referees : Francois St. Laurent and Kevin Pollock
Linesman : Derek Nansen and Michel Cormier

Game Notes

No Game Note

Finance

Level 1 -- Attendance: 1838 (91.90%) -- Ticket Income $128,660
Level 2 -- Attendance: 872 (87.20%) -- Ticket Income $34,880
Total Attendance: 2710 (90.33%)
Total Ticket Income: $163,540
Other Income: $8,177
Total Income: $171,717

Phantoms

5 vs 5 Forward 
   Center                   Left Wing                Right Wing               Time % Phy DF OF 
 1 Lucas Wallmarkk          Joe Snively              Morgan Klimchuk          42     1   1  3  
 2 Cristoval Nieves         J.T. Brown               Rem Pitlick              33     1   1  3  
 3 David Kampf              Nick Sorensen            A.J. Greer               20     1   3  1  
 4 Laurent Dauphin          Brett Murray             Oliver Wahlstrom         5      1   3  1  

5 vs 5 Defense 
   Defense                  Defense                                           Time % Phy DF OF 
 1 Blake Heinrich           Mikko Lehtonen                                    45     0   2  3  
 2 Andrey Pedan             Rinat Valiev                                      35     0   2  3  
 3 Riley Stillman           Matt Kiersted                                     20     1   3  1  
 4 Riley Stillman           Matt Kiersted                                     0      1   3  1  

PowerPlay Forward 
   Center                   Left Wing                Right Wing               Time % Phy DF OF 
 1 Lucas Wallmarkk          Joe Snively              Morgan Klimchuk          60     0   1  4  
 2 Cristoval Nieves         J.T. Brown               Rem Pitlick              40     0   1  4  

PowerPlay Defense
   Defense                  Defense                                           Time % Phy DF OF 
 1 Blake Heinrich           Mikko Lehtonen                                    60     0   1  4  
 2 Andrey Pedan             Rinat Valiev                                      40     0   1  4  

Penalty Kill 4 Players Forward 
   Center                   Wing                     Time % Phy DF OF 
 1 Lucas Wallmarkk          Morgan Klimchuk          60     1   4  0  
 2 Cristoval Nieves         J.T. Brown               40     1   4  0  

Penalty Kill 4 Players Defense
   Defense                  Defense                  Time % Phy DF OF 
 1 Blake Heinrich           Rinat Valiev             60     1   4  0  
 2 Andrey Pedan             Matt Kiersted            40     1   4  0  

Penalty Kill - 3 Players Forward 
   Forward                                           Time % Phy DF OF 
 1 Lucas Wallmarkk                                   60     1   4  0  
 2 J.T. Brown                                        40     1   4  0  

Penalty Kill - 3 Players Defense
   Defense                  Defense                  Time % Phy DF OF 
 1 Blake Heinrich           Rinat Valiev             60     1   4  0  
 2 Andrey Pedan             Matt Kiersted            40     1   4  0  

4 vs 4 Forward 
   Center                   Wing                     Time % Phy DF OF 
 1 Lucas Wallmarkk          Nick Sorensen            60     1   2  2  
 2 Cristoval Nieves         Morgan Klimchuk          40     1   2  2  

4 vs 4 Defense
   Defense                  Defense                  Time % Phy DF OF 
 1 Blake Heinrich           Mikko Lehtonen           60     1   2  2  
 2 Andrey Pedan             Rinat Valiev             40     1   2  2  

Last Minutes Offensive
   Center                   Left Wing                Right Wing               Defense                  Defense                  
   Lucas Wallmarkk          Joe Snively              Morgan Klimchuk          Blake Heinrich           Mikko Lehtonen           

Last Minutes Defensive
   Center                   Left Wing                Right Wing               Defense                  Defense                  
   Lucas Wallmarkk          J.T. Brown               Morgan Klimchuk          Blake Heinrich           Rinat Valiev             

Goaltenders
Starting : Zachary Fucale           
Backup : Kevin Lankinen           

Extra Forwards
Normal : Cristoval Nieves, J.T. Brown, Nick Sorensen - PP : Morgan Klimchuk, Rem Pitlick - PK : Rem Pitlick
Extra Defensemen
Normal : Blake Heinrich, Rinat Valiev, Andrey Pedan - PP : Mikko Lehtonen - PK : Blake Heinrich, Rinat Valiev
Penalty Shots
Rem Pitlick, Nick Sorensen, Morgan Klimchuk, Joe Snively, Cristoval Nieves
Custom OT Lines Forwards
Morgan Klimchuk, Joe Snively, Lucas Wallmarkk, J.T. Brown, Cristoval Nieves, Rem Pitlick, Nick Sorensen, David Kampf, Oliver Wahlstrom, A.J. Greer
Custom OT Lines Defensemen
Blake Heinrich, Mikko Lehtonen, Andrey Pedan, Rinat Valiev, Matt Kiersted

Scratches
Anthony Angello (Healthy), Benoit-Olivier Groulx (Healthy), Cooper Marody (Healthy), Ty Smith (Healthy), Victor Berglund (Healthy)
Fabian Zetterlund (Healthy), Sven Andrighetto (Right Hip Injury), David Gustafsson (Healthy), Josiah Slavin (Healthy), Cam York (Healthy)
Kaedan Korczak (Healthy), Danil Zhuravlyov (Healthy), Alex Beaucage (Healthy), Arsen Khisamutdinov (Healthy), Jacob Ingham (Healthy)
Zachary Sawchenko (Healthy)

Barracuda

5 vs 5 Forward 
   Center                   Left Wing                Right Wing               Time % Phy DF OF 
 1 Emil Pettersson          Kurtis Macdermid         Thomas Gobeil            40     1   2  2  
 2 Theodor Blueger          William Carrier          Jaedon Descheneau        30     1   2  2  
 3 Kyle Platzer             Cole Ully                Nikolai Kovalenko        20     1   2  2  
 4 Jacob Peterson           Alex Henriksson          Alexei Toropchenko       10     1   2  2  

5 vs 5 Defense 
   Defense                  Defense                                           Time % Phy DF OF 
 1 Brett Kulak              Robin Norell                                      40     1   2  2  
 2 Mac Hollowell            Luke Martin                                       30     1   2  2  
 3 Alex Lintuniemi          Dennis Cholowski                                  20     1   2  2  
 4 Brett Kulak              Robin Norell                                      10     1   2  2  

PowerPlay Forward 
   Center                   Left Wing                Right Wing               Time % Phy DF OF 
 1 Emil Pettersson          Kurtis Macdermid         Thomas Gobeil            60     0   2  3  
 2 Theodor Blueger          William Carrier          Jaedon Descheneau        40     0   2  3  

PowerPlay Defense
   Defense                  Defense                                           Time % Phy DF OF 
 1 Brett Kulak              Robin Norell                                      60     0   2  3  
 2 Mac Hollowell            Luke Martin                                       40     0   2  3  

Penalty Kill 4 Players Forward 
   Center                   Wing                     Time % Phy DF OF 
 1 Emil Pettersson          Kurtis Macdermid         60     1   4  0  
 2 Theodor Blueger          William Carrier          40     1   4  0  

Penalty Kill 4 Players Defense
   Defense                  Defense                  Time % Phy DF OF 
 1 Brett Kulak              Robin Norell             60     1   4  0  
 2 Mac Hollowell            Luke Martin              40     1   4  0  

Penalty Kill - 3 Players Forward 
   Forward                                           Time % Phy DF OF 
 1 Emil Pettersson                                   60     1   4  0  
 2 Theodor Blueger                                   40     1   4  0  

Penalty Kill - 3 Players Defense
   Defense                  Defense                  Time % Phy DF OF 
 1 Brett Kulak              Robin Norell             60     1   4  0  
 2 Mac Hollowell            Luke Martin              40     1   4  0  

4 vs 4 Forward 
   Center                   Wing                     Time % Phy DF OF 
 1 Emil Pettersson          Kurtis Macdermid         60     1   2  2  
 2 Theodor Blueger          William Carrier          40     1   2  2  

4 vs 4 Defense
   Defense                  Defense                  Time % Phy DF OF 
 1 Brett Kulak              Robin Norell             60     1   2  2  
 2 Mac Hollowell            Luke Martin              40     1   2  2  

Last Minutes Offensive
   Center                   Left Wing                Right Wing               Defense                  Defense                  
   Emil Pettersson          Kurtis Macdermid         Thomas Gobeil            Brett Kulak              Robin Norell             

Last Minutes Defensive
   Center                   Left Wing                Right Wing               Defense                  Defense                  
   Emil Pettersson          Kurtis Macdermid         Thomas Gobeil            Brett Kulak              Robin Norell             

Goaltenders
Starting : Joni Ortio               
Backup : Kevin Mandolese          

Extra Forwards
Normal : Theodor Blueger, Alex Henriksson, Kyle Platzer - PP : Theodor Blueger, Alex Henriksson - PK : Theodor Blueger
Extra Defensemen
Normal : Luke Martin, Alex Lintuniemi, Dennis Cholowski - PP : Luke Martin - PK : Luke Martin, Alex Lintuniemi
Penalty Shots
Kurtis Macdermid, William Carrier, Emil Pettersson, Cole Ully, Theodor Blueger
Custom OT Lines Forwards
Kurtis Macdermid, William Carrier, Emil Pettersson, Cole Ully, Theodor Blueger, Alex Henriksson, Kyle Platzer, Thomas Gobeil, Jacob Peterson, Jaedon Descheneau
Custom OT Lines Defensemen
Brett Kulak, Robin Norell, Mac Hollowell, Luke Martin, Alex Lintuniemi

Scratches
Ryan Merkley (Healthy), Bode Wilde (Healthy), Jordan Gross (Healthy), Noah Gregor (Healthy), Beck Malenstyn (Healthy)
Adam Edstrom (Healthy), Adam Beckman (Healthy), Angus Crookshank (Healthy), Filip Larsson (Healthy)

% Time on Ice - Phantoms

Lines # - Real PCT - Wanted PCT - Time Play
Normal Forward
1 - 33% - 42% - 16:36
2 - 30% - 33% - 15:09
3 - 22% - 20% - 10:59
4 - 16% - 5% - 8:18
Normal Defense
1 - 43% - 45% - 21:53
2 - 35% - 35% - 17:50
3 - 22% - 20% - 11:19
4 - 0% - 0% - 0:00
PP Forward
1 - 34% - 60% - 0:21
2 - 66% - 40% - 0:41
PP Defense
1 - 100% - 60% - 1:02
2 - 0% - 40% - 0:00
PK Forward
1 - 72% - 60% - 5:43
2 - 28% - 40% - 2:13
PK Defense
1 - 72% - 60% - 5:45
2 - 28% - 40% - 2:11
PK3 Forward
1 - 0% - 60%
2 - 0% - 40%
PK3 Defense
1 - 0% - 60%
2 - 0% - 40%
44 Forward
1 - 0% - 60%
2 - 0% - 40%
44 Defense
1 - 0% - 60%
2 - 0% - 40%
Last Minute Offensive  - 0:00
Last Minute Defensive  - 0:00
Total
Forward - 60:00
Defense - 60:00

% Time on Ice - Barracuda

Lines # - Real PCT - Wanted PCT - Time Play
Normal Forward
1 - 34% - 40% - 17:33
2 - 28% - 30% - 14:18
3 - 20% - 20% - 10:07
4 - 18% - 10% - 9:04
Normal Defense
1 - 37% - 40% - 19:03
2 - 34% - 30% - 17:21
3 - 24% - 20% - 12:06
4 - 5% - 10% - 2:32
PP Forward
1 - 50% - 60% - 3:59
2 - 50% - 40% - 3:57
PP Defense
1 - 58% - 60% - 4:36
2 - 42% - 40% - 3:20
PK Forward
1 - 84% - 60% - 0:52
2 - 16% - 40% - 0:10
PK Defense
1 - 100% - 60% - 1:02
2 - 0% - 40% - 0:00
PK3 Forward
1 - 0% - 60%
2 - 0% - 40%
PK3 Defense
1 - 0% - 60%
2 - 0% - 40%
44 Forward
1 - 0% - 60%
2 - 0% - 40%
44 Defense
1 - 0% - 60%
2 - 0% - 40%
Last Minute Offensive  - 0:00
Last Minute Defensive  - 0:00
Total
Forward - 60:00
Defense - 60:00

Play-by-Play

1st period


0:01 of 1st period - Lucas Wallmarkk wins face-off versus Emil Pettersson in neutral zone.
0:26 of 1st period - Robin Norell is hit by J.T. Brown and loses puck.
0:33 of 1st period - Snap shot by Rem Pitlick.
0:33 of 1st period - Deflect By Robin Norell.
0:33 of 1st period - Stopped by Joni Ortio with a rebound.
0:51 of 1st period - Wrist shot by Kyle Platzer.
0:51 of 1st period - Stopped by Zachary Fucale with a rebound.
0:59 of 1st period - Rinat Valiev is hit by Mac Hollowell and loses puck.
1:12 of 1st period - Wrist shot by Oliver Wahlstrom.
1:12 of 1st period - Stopped by Joni Ortio without a rebound.
1:13 of 1st period - Laurent Dauphin wins face-off versus Jacob Peterson in Barracuda zone.
1:35 of 1st period - Wrist shot by Brett Murray.
1:35 of 1st period - Shot Blocked by Alex Lintuniemi.
1:37 of 1st period - Wrist shot by Brett Murray.
1:37 of 1st period - Shot Misses the Net.
1:39 of 1st period - Slapshot by Blake Heinrich.
1:39 of 1st period - Deflect By Oliver Wahlstrom.
1:39 of 1st period - Goal by Oliver Wahlstrom - Phantoms : 1 - Barracuda : 0.
1:40 of 1st period - Lucas Wallmarkk wins face-off versus Emil Pettersson in neutral zone.
1:49 of 1st period - Snap shot by Lucas Wallmarkk.
1:49 of 1st period - Shot Misses the Net.
2:33 of 1st period - Wrist shot by Nick Sorensen.
2:33 of 1st period - Shot Blocked by Mac Hollowell.
3:13 of 1st period - Wrist shot by Kurtis Macdermid.
3:13 of 1st period - Stopped by Zachary Fucale with a rebound.
3:19 of 1st period - Snap shot by Laurent Dauphin.
3:19 of 1st period - Shot Misses the Net.
3:21 of 1st period - Slapshot by Rinat Valiev.
3:21 of 1st period - Shot Misses the Net.
3:33 of 1st period - Wrist shot by Theodor Blueger.
3:33 of 1st period - Shot Blocked by Cristoval Nieves.
3:35 of 1st period - Snap shot by Mac Hollowell.
3:35 of 1st period - Shot Blocked by Rinat Valiev.
4:12 of 1st period - Andrey Pedan is hit by Kurtis Macdermid and loses puck.
4:34 of 1st period - Wrist shot by Nick Sorensen.
4:34 of 1st period - Stopped by Joni Ortio with a rebound.
4:36 of 1st period - Slapshot by David Kampf.
4:36 of 1st period - Shot Blocked by Alex Lintuniemi.
4:38 of 1st period - Slapshot by Riley Stillman.
4:38 of 1st period - Deflect By David Kampf.
4:38 of 1st period - Shot Misses the Net.
4:38 of 1st period - Puck is out of play.
4:39 of 1st period - Jaedon Descheneau wins face-off versus Lucas Wallmarkk in Barracuda zone.
4:49 of 1st period - Slapshot by Joe Snively.
4:49 of 1st period - Shot Misses the Net.
4:51 of 1st period - Snap shot by Joe Snively.
4:51 of 1st period - Stopped by Joni Ortio without a rebound.
4:52 of 1st period - Emil Pettersson wins face-off versus Lucas Wallmarkk in Barracuda zone.
5:24 of 1st period - Icing by Robin Norell.
5:25 of 1st period - Emil Pettersson wins face-off versus David Kampf in Barracuda zone.
5:25 of 1st period - Emil Pettersson is hit by Riley Stillman.
5:33 of 1st period - Wrist shot by Kurtis Macdermid.
5:33 of 1st period - Goal by Kurtis Macdermid - Phantoms : 1 - Barracuda : 1.
5:34 of 1st period - Morgan Klimchuk wins face-off versus Jaedon Descheneau in neutral zone.
5:36 of 1st period - Off-side.
5:37 of 1st period - Lucas Wallmarkk wins face-off versus Theodor Blueger in neutral zone.
6:46 of 1st period - Blake Heinrich is hit by Alex Henriksson and loses puck.
6:53 of 1st period - Wrist shot by Jacob Peterson.
6:53 of 1st period - Shot Misses the Net.
7:09 of 1st period - Mikko Lehtonen is hit by Theodor Blueger and loses puck.
7:29 of 1st period - Off-side.
7:30 of 1st period - Cristoval Nieves wins face-off versus Emil Pettersson in neutral zone.
8:06 of 1st period - Snap shot by Theodor Blueger.
8:06 of 1st period - Shot Blocked by Andrey Pedan.
8:36 of 1st period - Icing by Rinat Valiev.
8:37 of 1st period - Jacob Peterson wins face-off versus David Kampf in Phantoms zone.
8:42 of 1st period - Backhand shot by Emil Pettersson.
8:42 of 1st period - Stopped by Zachary Fucale without a rebound.
8:43 of 1st period - Cristoval Nieves wins face-off versus Emil Pettersson in Phantoms zone.
8:50 of 1st period - Wrist shot by Cristoval Nieves.
8:50 of 1st period - Stopped by Joni Ortio without a rebound.
8:51 of 1st period - Cristoval Nieves wins face-off versus Emil Pettersson in Barracuda zone.
8:58 of 1st period - Wrist shot by Rem Pitlick.
8:58 of 1st period - Shot Misses the Net.
9:00 of 1st period - Slapshot by Blake Heinrich.
9:00 of 1st period - Stopped by Joni Ortio without a rebound.
9:01 of 1st period - Emil Pettersson wins face-off versus Lucas Wallmarkk in Barracuda zone.
9:08 of 1st period - Blake Heinrich is hit by Kurtis Macdermid and loses puck.
9:17 of 1st period - Snap shot by Mikko Lehtonen.
9:17 of 1st period - Shot Blocked by Brett Kulak.
9:28 of 1st period - Off-side.
9:29 of 1st period - Cristoval Nieves wins face-off versus Theodor Blueger in neutral zone.
9:34 of 1st period - William Carrier is hit by Cristoval Nieves and loses puck.
9:58 of 1st period - Snap shot by Rem Pitlick.
9:58 of 1st period - Shot Misses the Net.
10:00 of 1st period - Wrist shot by Blake Heinrich.
10:00 of 1st period - Stopped by Joni Ortio with a rebound.
10:14 of 1st period - William Carrier is hit by Rem Pitlick and loses puck.
10:23 of 1st period - Snap shot by Cristoval Nieves.
10:23 of 1st period - Stopped by Joni Ortio with a rebound.
10:31 of 1st period - Snap shot by Rem Pitlick.
10:31 of 1st period - Goal by Rem Pitlick - Phantoms : 2 - Barracuda : 1.
10:32 of 1st period - Emil Pettersson wins face-off versus Lucas Wallmarkk in neutral zone.
11:02 of 1st period - Mikko Lehtonen is hit by Kyle Platzer and loses puck.
11:17 of 1st period - Alex Henriksson is hit by Mikko Lehtonen.
11:21 of 1st period - Blake Heinrich is hit by Alex Henriksson.
11:37 of 1st period - Slapshot by Blake Heinrich.
11:37 of 1st period - Deflect By Luke Martin.
11:37 of 1st period - Stopped by Joni Ortio with a rebound.
11:46 of 1st period - Icing by Emil Pettersson.
11:47 of 1st period - Emil Pettersson wins face-off versus Cristoval Nieves in Barracuda zone.
11:52 of 1st period - Wrist shot by Kurtis Macdermid.
11:52 of 1st period - Shot Blocked by Riley Stillman.
12:04 of 1st period - Slapshot by Emil Pettersson.
12:04 of 1st period - Deflect By Thomas Gobeil.
12:04 of 1st period - Shot Misses the Net.
12:04 of 1st period - Puck is out of play.
12:05 of 1st period - Kyle Platzer wins face-off versus Lucas Wallmarkk in Phantoms zone.
12:53 of 1st period - Minor Penalty to A.J. Greer for Slashing.
12:54 of 1st period - Emil Pettersson wins face-off versus Lucas Wallmarkk in Phantoms zone.
13:02 of 1st period - Slapshot by Kurtis Macdermid.
13:02 of 1st period - Shot Blocked by Lucas Wallmarkk.
13:04 of 1st period - Slapshot by Thomas Gobeil.
13:04 of 1st period - Shot Misses the Net.
13:06 of 1st period - Wrist shot by Thomas Gobeil.
13:06 of 1st period - Stopped by Zachary Fucale with a rebound.
13:08 of 1st period - Slapshot by Mac Hollowell.
13:08 of 1st period - Shot Blocked by Lucas Wallmarkk.
13:10 of 1st period - Slapshot by Luke Martin.
13:10 of 1st period - Stopped by Zachary Fucale with a rebound.
13:26 of 1st period - Rinat Valiev is hit by William Carrier and loses puck.
14:01 of 1st period - Cristoval Nieves is hit by Kurtis Macdermid and loses puck.
14:53 of 1st period - Penalty to A.J. Greer is over, A.J. Greer is back on ice.
15:03 of 1st period - Snap shot by Jacob Peterson.
15:03 of 1st period - Stopped by Zachary Fucale with a rebound.
16:07 of 1st period - Thomas Gobeil is hit by Nick Sorensen and loses puck.
16:14 of 1st period - Riley Stillman is hit by Emil Pettersson and loses puck.
17:06 of 1st period - Kurtis Macdermid is hit by Mikko Lehtonen and loses puck.
17:32 of 1st period - Snap shot by Alex Henriksson.
17:32 of 1st period - Shot Misses the Net.
17:44 of 1st period - William Carrier is hit by Cristoval Nieves and loses puck.
17:59 of 1st period - Brett Kulak is hit by A.J. Greer and loses puck.
18:06 of 1st period - Nick Sorensen is hit by William Carrier and loses puck.
18:25 of 1st period - Icing by Riley Stillman.
18:26 of 1st period - Kyle Platzer wins face-off versus Laurent Dauphin in Phantoms zone.
18:27 of 1st period - Slapshot by Cole Ully.
18:27 of 1st period - Shot Misses the Net.
18:29 of 1st period - Wrist shot by Kyle Platzer.
18:29 of 1st period - Stopped by Zachary Fucale without a rebound.
18:30 of 1st period - Emil Pettersson wins face-off versus Lucas Wallmarkk in Phantoms zone.
18:53 of 1st period - Minor Penalty to Brett Kulak for Holding.
18:54 of 1st period - Emil Pettersson wins face-off versus Lucas Wallmarkk in Barracuda zone.
19:03 of 1st period - Slapshot by Joe Snively.
19:03 of 1st period - Shot Blocked by Luke Martin.
19:05 of 1st period - Slapshot by Mikko Lehtonen.
19:05 of 1st period - Stopped by Joni Ortio with a rebound.
19:55 of 1st period - Snap shot by Rem Pitlick.
19:55 of 1st period - Goal by Rem Pitlick - Phantoms : 3 - Barracuda : 1.
19:56 of 1st period - Lucas Wallmarkk wins face-off versus Emil Pettersson in neutral zone.
Goals for this period are 3 for Phantoms vs 1 for Barracuda.
Shots for this period are 13 for Phantoms vs 8 for Barracuda.

2nd period


0:01 of 2nd period - Emil Pettersson wins face-off versus Lucas Wallmarkk in neutral zone.
0:05 of 2nd period - Off-side.
0:06 of 2nd period - Emil Pettersson wins face-off versus Lucas Wallmarkk in neutral zone.
0:11 of 2nd period - Snap shot by Kurtis Macdermid.
0:11 of 2nd period - Stopped by Zachary Fucale with a rebound.
0:31 of 2nd period - Snap shot by Rem Pitlick.
0:31 of 2nd period - Stopped by Joni Ortio with a rebound.
0:33 of 2nd period - Wrist shot by Cristoval Nieves.
0:33 of 2nd period - Stopped by Joni Ortio without a rebound.
0:34 of 2nd period - Cristoval Nieves wins face-off versus Theodor Blueger in Barracuda zone.
0:37 of 2nd period - Wrist shot by Cristoval Nieves.
0:37 of 2nd period - Stopped by Joni Ortio without a rebound.
0:38 of 2nd period - Cristoval Nieves wins face-off versus Emil Pettersson in Barracuda zone.
1:01 of 2nd period - Wrist shot by Cristoval Nieves.
1:01 of 2nd period - Deflect By J.T. Brown.
1:01 of 2nd period - Stopped by Joni Ortio without a rebound.
1:02 of 2nd period - Lucas Wallmarkk wins face-off versus Jaedon Descheneau in Barracuda zone.
1:17 of 2nd period - Snap shot by Theodor Blueger.
1:17 of 2nd period - Shot Misses the Net.
1:29 of 2nd period - Robin Norell is hit by Andrey Pedan and loses puck.
2:29 of 2nd period - Off-side.
2:30 of 2nd period - Theodor Blueger wins face-off versus Lucas Wallmarkk in neutral zone.
2:33 of 2nd period - Snap shot by Theodor Blueger.
2:33 of 2nd period - Shot Misses the Net.
2:35 of 2nd period - Slapshot by Mac Hollowell.
2:35 of 2nd period - Shot Misses the Net.
3:40 of 2nd period - Wrist shot by Jacob Peterson.
3:40 of 2nd period - Stopped by Zachary Fucale without a rebound.
3:41 of 2nd period - Jacob Peterson wins face-off versus Laurent Dauphin in Phantoms zone.
4:02 of 2nd period - Wrist shot by Laurent Dauphin.
4:02 of 2nd period - Deflect By Brett Murray.
4:02 of 2nd period - Shot Misses the Net.
4:02 of 2nd period - Puck is out of play.
4:03 of 2nd period - Lucas Wallmarkk wins face-off versus Thomas Gobeil in Barracuda zone.
4:06 of 2nd period - Wrist shot by Lucas Wallmarkk.
4:06 of 2nd period - Stopped by Joni Ortio with a rebound.
4:08 of 2nd period - Slapshot by Lucas Wallmarkk.
4:08 of 2nd period - Stopped by Joni Ortio with a rebound.
4:37 of 2nd period - Snap shot by Kurtis Macdermid.
4:37 of 2nd period - Stopped by Zachary Fucale without a rebound.
4:38 of 2nd period - Cristoval Nieves wins face-off versus Theodor Blueger in Phantoms zone.
4:38 of 2nd period - Cristoval Nieves is hit by Theodor Blueger.
5:37 of 2nd period - Snap shot by Cole Ully.
5:37 of 2nd period - Shot Blocked by Blake Heinrich.
5:54 of 2nd period - Icing by Brett Kulak.
5:55 of 2nd period - Laurent Dauphin wins face-off versus Emil Pettersson in Barracuda zone.
6:18 of 2nd period - Thomas Gobeil is hit by Matt Kiersted and loses puck.
7:01 of 2nd period - Thomas Gobeil is hit by Laurent Dauphin and loses puck.
7:09 of 2nd period - Minor Penalty to Oliver Wahlstrom for Cross-checking.
7:10 of 2nd period - Lucas Wallmarkk wins face-off versus Theodor Blueger in Phantoms zone.
8:27 of 2nd period - Snap shot by Alex Henriksson.
8:27 of 2nd period - Stopped by Zachary Fucale with a rebound.
8:29 of 2nd period - Slapshot by Cole Ully.
8:29 of 2nd period - Stopped by Zachary Fucale with a rebound.
8:31 of 2nd period - Backhand shot by Alex Henriksson.
8:31 of 2nd period - Shot Blocked by Blake Heinrich.
8:33 of 2nd period - Snap shot by Alex Henriksson.
8:33 of 2nd period - Deflect By Cole Ully.
8:33 of 2nd period - Stopped by Zachary Fucale without a rebound.
8:34 of 2nd period - Lucas Wallmarkk wins face-off versus Theodor Blueger in Phantoms zone.
9:09 of 2nd period - Penalty to Oliver Wahlstrom is over, Oliver Wahlstrom is back on ice.
9:13 of 2nd period - Morgan Klimchuk is hit by William Carrier and loses puck.
9:32 of 2nd period - Snap shot by Cole Ully.
9:32 of 2nd period - Stopped by Zachary Fucale without a rebound.
9:33 of 2nd period - Jacob Peterson wins face-off versus Cristoval Nieves in Phantoms zone.
9:36 of 2nd period - Snap shot by Alex Henriksson.
9:36 of 2nd period - Stopped by Zachary Fucale with a rebound.
9:38 of 2nd period - Snap shot by Alex Henriksson.
9:38 of 2nd period - Deflect By Jacob Peterson.
9:38 of 2nd period - Shot Misses the Net.
9:38 of 2nd period - Puck is out of play.
9:39 of 2nd period - Cristoval Nieves wins face-off versus Jacob Peterson in Phantoms zone.
9:44 of 2nd period - Alexei Toropchenko is hit by J.T. Brown.
10:28 of 2nd period - Wrist shot by Theodor Blueger.
10:28 of 2nd period - Deflect By William Carrier.
10:28 of 2nd period - Shot Misses the Net.
10:28 of 2nd period - Puck is out of play.
10:29 of 2nd period - A.J. Greer wins face-off versus Theodor Blueger in Phantoms zone.
10:38 of 2nd period - Wrist shot by A.J. Greer.
10:38 of 2nd period - Shot Blocked by Theodor Blueger.
10:40 of 2nd period - Snap shot by A.J. Greer.
10:40 of 2nd period - Shot Misses the Net.
10:42 of 2nd period - Slapshot by David Kampf.
10:42 of 2nd period - Stopped by Joni Ortio without a rebound.
10:43 of 2nd period - Emil Pettersson wins face-off versus Lucas Wallmarkk in Barracuda zone.
11:12 of 2nd period - Off-side.
11:13 of 2nd period - Cristoval Nieves wins face-off versus Theodor Blueger in neutral zone.
11:31 of 2nd period - Minor Penalty to J.T. Brown for Hooking.
11:32 of 2nd period - Emil Pettersson wins face-off versus Lucas Wallmarkk in Phantoms zone.
11:40 of 2nd period - Backhand shot by Kurtis Macdermid.
11:40 of 2nd period - Shot Misses the Net.
11:42 of 2nd period - Slapshot by Brett Kulak.
11:42 of 2nd period - Stopped by Zachary Fucale with a rebound.
11:44 of 2nd period - Snap shot by Thomas Gobeil.
11:44 of 2nd period - Stopped by Zachary Fucale without a rebound.
11:45 of 2nd period - Emil Pettersson wins face-off versus Lucas Wallmarkk in Phantoms zone.
11:54 of 2nd period - Slapshot by Emil Pettersson.
11:54 of 2nd period - Shot Hit the Post.
11:56 of 2nd period - Slapshot by Thomas Gobeil.
11:56 of 2nd period - Shot Misses the Net.
11:58 of 2nd period - Snap shot by Thomas Gobeil.
11:58 of 2nd period - Shot Misses the Net.
12:00 of 2nd period - Slapshot by Robin Norell.
12:00 of 2nd period - Stopped by Zachary Fucale without a rebound.
12:01 of 2nd period - Emil Pettersson wins face-off versus Lucas Wallmarkk in Phantoms zone.
12:29 of 2nd period - Rinat Valiev is hit by Robin Norell and loses puck.
13:05 of 2nd period - William Carrier is hit by Cristoval Nieves and loses puck.
13:31 of 2nd period - Penalty to J.T. Brown is over, J.T. Brown is back on ice.
13:39 of 2nd period - J.T. Brown is hit by Alexei Toropchenko and loses puck.
13:55 of 2nd period - Icing by Alex Henriksson.
13:56 of 2nd period - David Kampf wins face-off versus Alexei Toropchenko in Barracuda zone.
14:01 of 2nd period - Snap shot by Nick Sorensen.
14:01 of 2nd period - Shot Blocked by Dennis Cholowski.
14:03 of 2nd period - Slapshot by A.J. Greer.
14:03 of 2nd period - Shot Misses the Net.
14:05 of 2nd period - Wrist shot by A.J. Greer.
14:05 of 2nd period - Stopped by Joni Ortio with a rebound.
14:07 of 2nd period - Slapshot by Mikko Lehtonen.
14:07 of 2nd period - Shot Blocked by Dennis Cholowski.
14:09 of 2nd period - Slapshot by A.J. Greer.
14:09 of 2nd period - Shot Misses the Net.
14:11 of 2nd period - Snap shot by Blake Heinrich.
14:11 of 2nd period - Stopped by Joni Ortio without a rebound.
14:12 of 2nd period - Cristoval Nieves wins face-off versus Emil Pettersson in Barracuda zone.
14:25 of 2nd period - Snap shot by Cristoval Nieves.
14:25 of 2nd period - Shot Blocked by Luke Martin.
14:27 of 2nd period - Snap shot by Cristoval Nieves.
14:27 of 2nd period - Shot Blocked by Kurtis Macdermid.
14:46 of 2nd period - Snap shot by Nick Sorensen.
14:46 of 2nd period - Shot Misses the Net.
14:49 of 2nd period - Icing by Brett Kulak.
14:50 of 2nd period - Theodor Blueger wins face-off versus Lucas Wallmarkk in Barracuda zone.
15:37 of 2nd period - Wrist shot by Theodor Blueger.
15:37 of 2nd period - Shot Misses the Net.
15:53 of 2nd period - Snap shot by William Carrier.
15:53 of 2nd period - Stopped by Zachary Fucale without a rebound.
15:54 of 2nd period - Emil Pettersson wins face-off versus Morgan Klimchuk in Phantoms zone.
16:09 of 2nd period - Slapshot by Kurtis Macdermid.
16:09 of 2nd period - Shot Blocked by Morgan Klimchuk.
16:40 of 2nd period - Off-side.
16:41 of 2nd period - Laurent Dauphin wins face-off versus Jacob Peterson in neutral zone.
16:46 of 2nd period - Slapshot by Laurent Dauphin.
16:46 of 2nd period - Stopped by Joni Ortio with a rebound.
17:20 of 2nd period - Snap shot by Morgan Klimchuk.
17:20 of 2nd period - Stopped by Joni Ortio with a rebound.
17:30 of 2nd period - Snap shot by Dennis Cholowski.
17:30 of 2nd period - Stopped by Zachary Fucale without a rebound.
17:31 of 2nd period - Cristoval Nieves wins face-off versus Kyle Platzer in Phantoms zone.
17:42 of 2nd period - Snap shot by Cole Ully.
17:42 of 2nd period - Shot Blocked by Andrey Pedan.
17:44 of 2nd period - Wrist shot by Nikolai Kovalenko.
17:44 of 2nd period - Shot Blocked by Rinat Valiev.
17:46 of 2nd period - Wrist shot by Kyle Platzer.
17:46 of 2nd period - Stopped by Zachary Fucale with a rebound.
17:56 of 2nd period - J.T. Brown is hit by Alexei Toropchenko and loses puck.
18:29 of 2nd period - Icing by Mikko Lehtonen.
18:30 of 2nd period - Cristoval Nieves wins face-off versus Kurtis Macdermid in Phantoms zone.
19:06 of 2nd period - Slapshot by Rem Pitlick.
19:06 of 2nd period - Shot Misses the Net.
19:08 of 2nd period - Wrist shot by J.T. Brown.
19:08 of 2nd period - Stopped by Joni Ortio without a rebound.
19:09 of 2nd period - Theodor Blueger wins face-off versus Lucas Wallmarkk in Barracuda zone.
Goals for this period are 0 for Phantoms vs 0 for Barracuda.
Shots for this period are 12 for Phantoms vs 14 for Barracuda.

3rd period


0:01 of 3rd period - Lucas Wallmarkk wins face-off versus Emil Pettersson in neutral zone.
0:04 of 3rd period - Mikko Lehtonen is hit by Thomas Gobeil.
1:44 of 3rd period - Wrist shot by Emil Pettersson.
1:44 of 3rd period - Stopped by Zachary Fucale with a rebound.
1:58 of 3rd period - William Carrier is hit by J.T. Brown and loses puck.
2:17 of 3rd period - William Carrier is hit by Nick Sorensen and loses puck.
2:24 of 3rd period - Snap shot by Nick Sorensen.
2:24 of 3rd period - Shot Misses the Net.
2:40 of 3rd period - Luke Martin is hit by Lucas Wallmarkk and loses puck.
2:53 of 3rd period - Wrist shot by Theodor Blueger.
2:53 of 3rd period - Stopped by Zachary Fucale with a rebound.
2:55 of 3rd period - Backhand shot by Robin Norell.
2:55 of 3rd period - Deflect By Theodor Blueger.
2:55 of 3rd period - Stopped by Zachary Fucale with a rebound.
2:57 of 3rd period - Slapshot by Brett Kulak.
2:57 of 3rd period - Shot Misses the Net.
2:59 of 3rd period - Wrist shot by Theodor Blueger.
2:59 of 3rd period - Stopped by Zachary Fucale with a rebound.
3:09 of 3rd period - Slapshot by William Carrier.
3:09 of 3rd period - Stopped by Zachary Fucale without a rebound.
3:10 of 3rd period - Emil Pettersson wins face-off versus Cristoval Nieves in Phantoms zone.
3:11 of 3rd period - Snap shot by Kurtis Macdermid.
3:11 of 3rd period - Deflect By Thomas Gobeil.
3:11 of 3rd period - Shot Blocked by J.T. Brown.
3:11 of 3rd period - Puck is out of play.
3:12 of 3rd period - Cristoval Nieves wins face-off versus Emil Pettersson in Phantoms zone.
3:17 of 3rd period - Wrist shot by Kurtis Macdermid.
3:17 of 3rd period - Goal by Kurtis Macdermid - Phantoms : 3 - Barracuda : 2.
3:18 of 3rd period - Emil Pettersson wins face-off versus Lucas Wallmarkk in neutral zone.
3:31 of 3rd period - Slapshot by Emil Pettersson.
3:31 of 3rd period - Stopped by Zachary Fucale with a rebound.
4:55 of 3rd period - Slapshot by Lucas Wallmarkk.
4:55 of 3rd period - Deflect By Emil Pettersson.
4:55 of 3rd period - Stopped by Joni Ortio with a rebound.
6:08 of 3rd period - Wrist shot by Morgan Klimchuk.
6:08 of 3rd period - Stopped by Joni Ortio with a rebound.
6:56 of 3rd period - Emil Pettersson is hit by Nick Sorensen and loses puck.
7:03 of 3rd period - David Kampf is hit by Mac Hollowell and loses puck.
7:19 of 3rd period - Brett Murray is hit by Theodor Blueger and loses puck.
7:45 of 3rd period - Icing by Matt Kiersted.
7:46 of 3rd period - Emil Pettersson wins face-off versus Cristoval Nieves in Phantoms zone.
7:47 of 3rd period - Snap shot by Kurtis Macdermid.
7:47 of 3rd period - Shot Misses the Net.
7:49 of 3rd period - Slapshot by Alex Lintuniemi.
7:49 of 3rd period - Shot Blocked by J.T. Brown.
7:51 of 3rd period - Wrist shot by Alex Lintuniemi.
7:51 of 3rd period - Shot Blocked by Rem Pitlick.
7:53 of 3rd period - Slapshot by Alex Lintuniemi.
7:53 of 3rd period - Deflect By J.T. Brown.
7:53 of 3rd period - Stopped by Zachary Fucale without a rebound.
7:54 of 3rd period - Morgan Klimchuk wins face-off versus Emil Pettersson in Phantoms zone.
8:01 of 3rd period - Slapshot by Joe Snively.
8:01 of 3rd period - Stopped by Joni Ortio with a rebound.
8:03 of 3rd period - Slapshot by Riley Stillman.
8:03 of 3rd period - Shot Blocked by Brett Kulak.
8:05 of 3rd period - Wrist shot by Riley Stillman.
8:05 of 3rd period - Stopped by Joni Ortio with a rebound.
8:09 of 3rd period - Snap shot by Joe Snively.
8:09 of 3rd period - Shot Blocked by Emil Pettersson.
8:11 of 3rd period - Slapshot by Matt Kiersted.
8:11 of 3rd period - Deflect By Robin Norell.
8:11 of 3rd period - Stopped by Joni Ortio with a rebound.
8:47 of 3rd period - Off-side.
8:48 of 3rd period - Emil Pettersson wins face-off versus Lucas Wallmarkk in neutral zone.
9:52 of 3rd period - Icing by A.J. Greer.
9:53 of 3rd period - Laurent Dauphin wins face-off versus Alexei Toropchenko in Phantoms zone.
9:53 of 3rd period - Laurent Dauphin is hit by Alex Henriksson.
10:02 of 3rd period - Icing by Alex Henriksson.
10:03 of 3rd period - Jacob Peterson wins face-off versus Lucas Wallmarkk in Barracuda zone.
11:15 of 3rd period - Snap shot by Nick Sorensen.
11:15 of 3rd period - Shot Blocked by Theodor Blueger.
11:22 of 3rd period - Snap shot by Jaedon Descheneau.
11:22 of 3rd period - Deflect By Rinat Valiev.
11:22 of 3rd period - Shot Misses the Net.
11:22 of 3rd period - Puck is out of play.
11:23 of 3rd period - Kyle Platzer wins face-off versus Lucas Wallmarkk in Phantoms zone.
11:36 of 3rd period - Snap shot by Cole Ully.
11:36 of 3rd period - Stopped by Zachary Fucale with a rebound.
11:42 of 3rd period - Kyle Platzer is hit by Matt Kiersted and loses puck.
12:45 of 3rd period - Snap shot by Brett Murray.
12:45 of 3rd period - Shot Misses the Net.
12:57 of 3rd period - Snap shot by Lucas Wallmarkk.
12:57 of 3rd period - Stopped by Joni Ortio without a rebound.
12:58 of 3rd period - Lucas Wallmarkk wins face-off versus Jaedon Descheneau in Barracuda zone.
13:11 of 3rd period - Snap shot by Joe Snively.
13:11 of 3rd period - Shot Blocked by William Carrier.
13:13 of 3rd period - Wrist shot by Morgan Klimchuk.
13:13 of 3rd period - Goal by Morgan Klimchuk - Phantoms : 4 - Barracuda : 2.
13:14 of 3rd period - Emil Pettersson wins face-off versus Lucas Wallmarkk in neutral zone.
14:58 of 3rd period - Snap shot by Joe Snively.
14:58 of 3rd period - Stopped by Joni Ortio without a rebound.
14:59 of 3rd period - Lucas Wallmarkk wins face-off versus Theodor Blueger in Barracuda zone.
15:24 of 3rd period - Kyle Platzer is hit by Blake Heinrich and loses puck.
15:42 of 3rd period - Off-side.
15:43 of 3rd period - Emil Pettersson wins face-off versus Cristoval Nieves in neutral zone.
16:16 of 3rd period - Wrist shot by Kyle Platzer.
16:16 of 3rd period - Stopped by Zachary Fucale with a rebound.
17:10 of 3rd period - Off-side.
17:11 of 3rd period - David Kampf wins face-off versus Theodor Blueger in neutral zone.
17:14 of 3rd period - Snap shot by A.J. Greer.
17:14 of 3rd period - Stopped by Joni Ortio with a rebound.
17:19 of 3rd period - Off-side.
17:20 of 3rd period - Kyle Platzer wins face-off versus David Kampf in neutral zone.
17:25 of 3rd period - Snap shot by Cole Ully.
17:25 of 3rd period - Stopped by Zachary Fucale with a rebound.
17:27 of 3rd period - Slapshot by Robin Norell.
17:27 of 3rd period - Shot Blocked by A.J. Greer.
17:31 of 3rd period - Slapshot by Kyle Platzer.
17:31 of 3rd period - Shot Blocked by David Kampf.
17:33 of 3rd period - Wrist shot by Kyle Platzer.
17:33 of 3rd period - Stopped by Zachary Fucale without a rebound.
17:34 of 3rd period - Morgan Klimchuk wins face-off versus Kurtis Macdermid in Phantoms zone.
17:36 of 3rd period - Minor Penalty to Blake Heinrich for Holding.
17:37 of 3rd period - Emil Pettersson wins face-off versus Lucas Wallmarkk in Phantoms zone.
18:14 of 3rd period - Wrist shot by William Carrier.
18:14 of 3rd period - Stopped by Zachary Fucale with a rebound.
19:36 of 3rd period - Penalty to Blake Heinrich is over, Blake Heinrich is back on ice.
Goals for this period are 1 for Phantoms vs 1 for Barracuda.
Shots for this period are 9 for Phantoms vs 13 for Barracuda.